 Dungeon Crawl Stone Soup version 0.21.1-1-g345015f (webtiles) character file.

29 shakethe the Chopper (level 3, 28/28 HPs)
             Began as a Demonspawn Gladiator on Feb 25, 2018.
             Quit the game on level 1 of the Dungeon.
             The game lasted 00:00:53 (917 turns).

shakethe the Chopper (Demonspawn Gladiator)          Turns: 917, Time: 00:00:54

Health: 28/28      AC:  4    Str: 14    XL:     3   Next: 1%
Magic:  3/3        EV: 13    Int: 10    God:
Gold:   24         SH:  0    Dex: 14    Spells: 2/2 levels left

rFire    . . .     SeeInvis .   a - +0 war axe
rCold    . . .     Gourm    .   (no shield)
rNeg     . . .     Faith    .   b - +0 leather armour
rPois    .         Spirit   .   c - +0 helmet
rElec    .         Reflect  .   (no cloak)
rCorr    .         Harm     .   (no gloves)
MR       .....                  (no boots)
Stlth    +.........             (no amulet)
HPRegen  0.09/turn              (no ring)
MPRegen  0.08/turn              (no ring)

@: no status effects
A: claws 1, talons 1
a: no special abilities


You were on level 1 of the Dungeon.
You were not hungry.

You visited 1 branch of the dungeon, and saw 1 of its levels.

You collected 24 gold pieces.

Inventory:

Hand Weapons
 a - a +0 war axe (weapon)
Missiles
 d - 3 throwing nets {=f, !d}
Armour
 b - a +0 leather armour (worn)
 c - a +0 helmet (worn)
 i - a +1 cloak
   (You found it on level 1 of the Dungeon)
Scrolls
 e - a scroll of magic mapping {unknown}
 h - a scroll of fear {unknown}
Potions
 g - a potion of agility {unknown}
Comestibles
 f - a ration


   Skills:
 + Level 2.4 Fighting
 * Level 3.3 Axes
 - Level 1.7 Throwing
 + Level 3.0 Dodging


You had 2 spell levels left.
You didn't know any spells.

Dungeon Overview and Level Annotations

Branches:
Dungeon (1/15)

Altars:


Innate Abilities, Weirdness & Mutations

You have sharp fingernails.
You have sharp toenails.


Message History

No target in view!
You see here a dagger.
Found a stone staircase leading down.
No target in view!
No target in view!
No target in view!
No target in view!
No target in view!
No target in view!
No target in view!
No target in view!
There is a stone staircase leading down here.
A bat comes into view.
The bat closely misses you. x2
Health restored: 23 You miss the bat.
You claw the bat. The bat hits you but does no damage.
The bat hits you but does no damage. The bat barely misses you.
You miss the bat.
You kill the bat!
No target in view!
No target in view!
No target in view!
No target in view!
No target in view!
No target in view!
No target in view!
No target in view!
No target in view!
No target in view!
No target in view!
No target in view!
i - an embroidered cloak No target in view!
No target in view!
No target in view!
No target in view!
No target in view!
No target in view!
No target in view!
No target in view!
You open the door.
There is an open door here.
You open the door.
There is an open door here.
There is an open door here.
There is an open door here.
There is an open door here.
A frilled lizard comes into view.
A bat comes into view.
The bat hits you.
You barely miss the bat.
The frilled lizard hisses angrily.
The bat barely misses you.
You barely miss the frilled lizard. The bat misses you.
The frilled lizard bites you but does no damage.
You hit the frilled lizard.
You kill the frilled lizard!
The bat hits you but does no damage.
You hit the bat but do no damage. Your kick misses the bat. The bat misses you.
The bat closely misses you. The bat hits you but does no damage.
The bat hits you but does no damage.
You hit the bat. The bat hits you but does no damage.
The bat closely misses you. The bat closely misses you. The bat hits you.
You take 1 damage, and have 22/23 hp.
The bat closely misses you. The bat barely misses you.
You barely miss the bat. The bat hits you but does no damage.
Health restored: 23 The bat barely misses you.
The bat closely misses you. The bat closely misses you. The bat misses you.
You closely miss the bat. Your kick misses the bat.
The bat hits you but does no damage. The bat hits you but does no damage.
The bat barely misses you.
A bat is nearby!
You slash the bat!
You kill the bat!
No target in view!
No target in view!
No target in view!
No target in view!
No target in view!
No target in view!
No target in view!
No target in view!
A bat comes into view.
The bat hits you but does no damage.
You slash the bat!
You kill the bat!
You have reached level 3!
Your experience leads to an increase in your attributes!
Increase (S)trength, (I)ntelligence, or (D)exterity?
You feel clever.
Your demonic ancestry asserts itself...
Your fingernails lengthen.
Health restored: 28; MP restored: 3 You aren't carrying or standing over any spellbooks.
Unknown command.
Unknown command.

#.#..########..###
#...#'......####..
#####...#........##...
#.......#...##...##...
#.##....#..####..##..#
#.......#..####..##..#
#.......#...##...##...
#.......#.............
#....@..##............
####.$.########..##..#
##.## ######..##..#
#.# ##.......<.... #.#
#............. #.#
#...##...##... #..
#..####..##..# ###
#..####..##..#
#...##...##...


There were no monsters in sight!

Vanquished Creatures
  An ooze (D:1)
  4 dart slugs (D:1)
  A leopard gecko (D:1)
  A giant cockroach (D:1)
  A goblin (D:1)
  2 hobgoblins (D:1)
  3 bats (D:1)
  A frilled lizard (D:1)
  A kobold (D:1)
  A rat (D:1)
16 creatures vanquished.

Notes
Turn   | Place    | Note
-------+----------+-------------------------------------------
     0 | D:1      | shakethe the Demonspawn Gladiator began the quest for the Orb.
     0 | D:1      | Reached XP level 1. HP: 16/16 MP: 1/1
   414 | D:1      | Reached skill level 3 in Axes
   414 | D:1      | Gained mutation: You have sharp toenails. [demonic ancestry]
   414 | D:1      | Reached XP level 2. HP: 22/22 MP: 2/2
   535 | D:1      | Reached skill level 3 in Dodging
   916 | D:1      | Gained mutation: You have sharp fingernails. [demonic ancestry]
   916 | D:1      | Reached XP level 3. HP: 28/28 MP: 3/3
   917 | D:1      | Quit the game

Skill      XL: |  1  2 |
---------------+-------+-----
Axes           | 3 |  3.3
Dodging        | 3 |  3.0
Fighting       | |  2.4
Throwing       | |  1.7

Action                   || total
-------------------------++-------
Melee: War axe           ||    43
       Kick              ||     6
Armor: Leather armour    ||    18
Dodge: Dodged            ||    32

Vault maps used:
D:1:      minmay_arrival_four_loops

Table legend:
 A = Turns spent in this place as a percentage of turns spent in the entire game.
 B = Non-inter-level travel turns spent in this place as a percentage of non-inter-level travel turns spent in the entire game.
 C = Inter-level travel turns spent in this place as a percentage of turns spent in this place.
 D = Turns resting spent in this place as a percentage of non-inter-level travel turns spent in this place.
 E = Turns spent auto-exploring this place as a percentage of non-inter-level travel turns spent in this place.
 F = Non-inter-level travel turns spent in this place divided by the number of levels of this place that you've seen.
                   A       B       C       D       E      F
               +-------+-------+-------+-------+-------+----------------------
         Total | 100.0 | 100.0 |   0.0 |  17.6 |  71.4 | 917.0
       Dungeon | 100.0 | 100.0 |   0.0 |  17.6 |  71.4 | 917.0
               +-------+-------+-------+-------+-------+----------------------

Table legend:
 A = Kills in this place as a percentage of kills in entire the game.
 B = Kills by you in this place as a percentage of kills by you in the entire game.
 C = Kills by friends in this place as a percentage of kills by friends in the entire game.
 D = Other kills in this place as a percentage of other kills in the entire game.
 E = Experience gained in this place as a percentage of experience gained in the entire game.
 F = Experience gained in this place divided by the number of levels of this place that you have seen.
                   A       B       C       D       E      F
               +-------+-------+-------+-------+-------+----------------------
         Total | 100.0 | 100.0 |   N/A |   N/A | 100.0 |  42.0
       Dungeon | 100.0 | 100.0 |   N/A |   N/A | 100.0 |  42.0
               +-------+-------+-------+-------+-------+----------------------
